 Dungeon Sprint DCSS version 0.32-a0-798-gfa783ce77f (webtiles) character file.

Game seed: 17371274276437760548

11584 Revguard the Fighter (level 11, 0/65 HPs)
             Began as a Vine Stalker Fighter on Mar 21, 2024.
             Was an Elder of Jiyva.
             Engulfed by a cloud of flame (2 damage)
             ... in the Dungeon (Sprint V: "Ziggurat Sprint").
             The game lasted 00:09:01 (467 turns).

Revguard the Fighter (Vine Stalker Fighter)          Turns: 467, Time: 00:09:02

Health: 0/65       AC: 31    Str: 23    XL:     11   Next: 80%
Magic:  0/30       EV:  5    Int: 11    God:    Jiyva [****..]
Gold:   0          SH: 30    Dex: 18    Spells: 10/10 levels left

rFire   + . .        B - +16 obsidian axe {drain, demonic, Mesm ^Drain Fly SInv}
rCold   + + .        C - +18 shield of the Gong {Loud rN+ Will+ rCorr EV-5}
rNeg    + + +        D - +15 Maxwell's patent armour {-Cast -Tele rElec Will+ rCorr}
rPois   +            (helmet unavailable)
rElec   +            m - +0 cloak {rCorr}
rCorr   +            (no gloves)
SInv    +            (no boots)
Will    ++++.        a - amulet of Greater Demons {Spirit Rampage rN+} Stlth
                     u - ring "Yddutt" {rC+ Will+ MP+9 Int+3 Slay+2}
HPRegen 2.38/turn    F - ring "Fomp" {rN+ MP+9 Dex+4}
MPRegen 0.86/turn

%: no teleportation, no spellcasting, guardian spirit, rampage
@: resistant, weakened, flying, mesmerised
A: fangs 3, regeneration 1, magic shield, antimagic bite, no potion heal 2,
horns 3, tendrils
a: Renounce Religion, Oozemancy, Slimify


You were in the Dungeon.
You worshipped Jiyva.
Jiyva was greatly pleased with you.
You visited 1 branch

Inventory:

Hand Weapons
 B - the +16 obsidian axe (weapon) {drain, demonic, Mesm ^Drain Fly SInv}
   (You found it in the Dungeon)

   Mesm:      Its wielder is mesmerised by any visible foes, and it cannot be
   unequipped while any foes are visible.
   SInv:      It lets you see invisible.
   Fly:       It grants you flight.
   ^Drain:    It drains your maximum health when unequipped.
Armour
 m - a +0 cloak of preservation (worn)
 C - the +18 shield of the Gong (worn) {Loud rN+ Will+ rCorr EV-5}
   (You found it in the Dungeon)

   Loud:      It is deafeningly noisy when blocking attacks.
   EV-5:      It affects your evasion (-5).
   rN+:       It protects you from negative energy.
   Will+:     It increases your willpower.
   rCorr:     It protects you from acid and corrosion.
 D - the +15 Maxwell's patent armour (worn) {-Cast -Tele rElec Will+ rCorr}
   (You found it in the Dungeon)

   rElec:     It insulates you from electricity.
   Will+:     It increases your willpower.
   -Cast:     It prevents spellcasting.
   -Tele:     It prevents most forms of teleportation.
   rCorr:     It protects you from acid and corrosion.
Jewellery
 a - the amulet of Greater Demons (around neck) {Spirit Rampage rN+}
   (You found it in the Dungeon)

   [amulet of guardian spirit]

   Spirit:    It causes incoming damage to be divided between your reserves of
   health and magic.
   rN+:       It protects you from negative energy.
   Rampage:   It bestows one free step when moving towards enemies.
 c - the ring of Dissent {rCorr MP+9 Str+2 Int-5 Dex+2}
   (You found it in the Dungeon)

   [ring of resist corrosion]

   Str+2:     It affects your strength (+2).
   Int-5:     It affects your intelligence (-5).
   Dex+2:     It affects your dexterity (+2).
   MP+9:      It affects your magic capacity (+9).
   rCorr:     It protects you from acid and corrosion.
 u - the ring "Yddutt" (left hand) {rC+ Will+ MP+9 Int+3 Slay+2}
   (You found it in the Dungeon)

   [ring of magical power]

   Int+3:     It affects your intelligence (+3).
   Slay+2:    It affects your accuracy & damage with ranged weapons and melee
   (+2).
   rC+:       It protects you from cold.
   Will+:     It increases your willpower.
   MP+9:      It affects your magic capacity (+9).
 w - a ring of fire
 z - a +6 ring of strength
 F - the ring "Fomp" (right hand) {rN+ MP+9 Dex+4}
   (You found it in the Dungeon)

   [ring of magical power]

   Dex+4:     It affects your dexterity (+4).
   rN+:       It protects you from negative energy.
   MP+9:      It affects your magic capacity (+9).
Wands
 r - a wand of mindburst (9)
 s - a wand of iceblast (6)
 t - a wand of light (6)
 v - a wand of polymorph (5)
 E - a wand of flame (20)
Scrolls
 b - a scroll of brand weapon
 i - 4 scrolls of blinking
 n - 4 scrolls of amnesia
 o - 7 scrolls of fog
 p - 5 scrolls of identify
 q - 2 scrolls of fear
Potions
 d - 6 potions of might
 e - 10 potions of curing
 f - 6 potions of haste
 g - 7 potions of magic
 h - 3 potions of berserk rage
 j - 2 potions of brilliance
 k - 2 potions of invisibility
 l - 3 potions of resistance


   Skills:
 + Level 11.5 Fighting
 + Level 11.3 Axes
 + Level 10.8 Armour
 + Level 10.2 Dodging
 + Level 11.5 Shields
 + Level 10.8 Evocations


You had 10 spell levels left.
You didn't know any spells.
Your spell library contained the following spells:

 Spells                   Type           Power      Damage    Failure   Level
 Foxfire                  Conj/Fire      0%         2x1d4     100%        1
 Call Imp                 Summ           0%         N/A       100%        2
 Ensorcelled Hibernation  Hex/Ice        0%         N/A       100%        2
 Sublimation of Blood     Necr           0%         N/A       100%        2
 Inner Flame              Hex/Fire       0%         N/A       100%        3
 Passwall                 Erth           0%         N/A       100%        3
 Summon Ice Beast         Ice/Summ       0%         N/A       100%        3
 Swiftness                Air            0%         N/A       100%        3
 Anguish                  Hex/Necr       0%         N/A       100%        4
 Animate Dead             Necr           0%         N/A       100%        4
 Cause Fear               Hex            0%         N/A       100%        4
 Flame Wave               Conj/Fire      0%         2d4       100%        4
 Leda's Liquefaction      Alch/Erth      0%         N/A       100%        4
 Borgnjor's Vile Clutch   Necr/Erth      0%         N/A       100%        5
 Summon Mana Viper        Hex/Summ       0%         N/A       100%        5
 Death Channel            Necr           0%         N/A       100%        6
 Enfeeble                 Hex            0%         N/A       100%        7
 Monstrous Menagerie      Summ           0%         N/A       100%        7
 Summon Hydra             Summ           0%         N/A       100%        7


Dungeon Overview and Level Annotations

Branches:
Dungeon (1/1)

Altars:
Ashenzari
Cheibriados
Dithmenos
Elyvilon
Fedhas
Gozag
Hepliaklqana
Kikubaaqudgha
Makhleb
Nemelex Xobeh
Okawaru
Qazlal
Ru
Sif Muna
Trog
Uskayaw
Vehumet
Wu Jian
Xom
Yredelemnul
Zin
The Shining One
Beogh
Jiyva
Lugonu

Annotations:
D 1 transporter


Innate Abilities, Weirdness & Mutations

You have razor-sharp teeth.
Your natural rate of healing is unusually fast.
When hurt, damage is shared between your health and your magic reserves.
Your bite disrupts and absorbs the magic of your enemies.
Potions cannot restore your health.
You have a pair of large horns on your head.
You are covered in slimy tendrils that may disarm your opponents.


Message History

* * * LOW HITPOINT WARNING * * *
You block the Brimstone Fiend's attack.
PTOANNNG!
You block the Brimstone Fiend's attack.
GONNNNG!
The stoker conjures a fierce blast of wind!
The fire giant is knocked back by the gust of wind.
The salamander tyrant is knocked back by the gust of wind.
The salamander tyrant slams into the unnaturally hard rock wall!!
The salamander tyrant is almost dead.
You are knocked back by the gust of wind.
You slam into the unnaturally hard rock wall!!
* * * LOW HITPOINT WARNING * * *
The fire giant is knocked back by the gust of wind.
The fire giant collides with the salamander tyrant!!
The salamander tyrant dies!
The fire giant is heavily wounded.
The Brimstone Fiend is knocked back by the gust of wind.
The Brimstone Fiend slams into the unnaturally hard rock wall.
The Brimstone Fiend is heavily wounded.
Unknown command.
Aiming: Iceblast
Press: ? - help, Shift-Dir - straight line, f - stoker
Aim: a stoker (flame, moderately damaged, mesmerising)
The mass of ice explodes!
The iceblast engulfs the stoker!!
The stoker is heavily damaged.
The iceblast engulfs the Brimstone Fiend!!
The Brimstone Fiend is frozen!
The Brimstone Fiend is severely wounded.
The iceblast engulfs the hell hog!!
You kill the hell hog!
The iceblast engulfs the fire giant!
The fire giant is severely wounded.
The iceblast engulfs the searing wretch!!
The searing wretch partially resists.
The searing wretch is moderately damaged.
Visions of slaying the fire giant flood into your mind.
You are engulfed in blazing flames.
You resist.
You die...
Jiyva sends a jelly to digest your remains.

▓.."/)//!.▓..)[)[...▓..|
▓..:|=:?..▓....".)..▓...
▓.........▓.........▓...
▓.........▓.........▓...
▓...°°°°°.▓.........▓...
▓..v○°nh○.▓....†[[..▓...
▓..▓.L1▓3.▓.........▓.▓.
▓.▓.○C..▓.▓.▓...[[▓.▓...
▓...°°°@°C▓....©....▓▓▓▓
▓▓▓▓▓▓▓▓▓▓▓▓▓▓▓▓▓▓▓▓▓


You could see a searing wretch, a Brimstone Fiend (ally target, magic
disrupted), 2 fire giants, a stoker, a fire vortex and a friendly sixfirhy
(summoned).

Vanquished Creatures
  A tentacled starspawn (D)
  A red draconian (D)
  An entropy weaver (shapeshifter) (D)
  2 ice dragons (D)
  A salamander tyrant (D)
  A hell hog (D)
  A swamp dragon (D)
  3 draconians (D)
  A black mamba (shapeshifter) (D)
  3 freezing wraiths (D)
  A rime drake (D)
  2 trolls (shapeshifter) (D)
  4 merfolk (D)
  A wind drake (D)
  A neqoxec (D)
  A steam dragon (D)
  A swamp drake (D)
  2 centaurs (D)
  2 phantoms (D)
  A weeping skull (D)
  2 scorpions (D)
  An iron imp (D)
  3 white imps (D)
  2 ball pythons (D)
  A creeping inferno (D)
  A starspawn tentacle (D)
41 creatures vanquished.

Vanquished Creatures (collateral kills)
  A hydra (D)
  A draconian (D)
  2 rime drakes (D)
  A shadow (D)
  A yak (shapeshifter) (D)
  A steam dragon (D)
  A swamp drake (D)
  2 scorpions (D)
  An iron imp (D)
  3 ufetubi (D)
  A ball python zombie (D)
15 creatures vanquished.

Vanquished Creatures (others)
  A salamander tyrant (D)
  A hellion (D)
  A centaur (D)
  5 jellies (D)
  A fire vortex (D)
  A starspawn tentacle (D)
10 creatures vanquished.

Grand Total: 66 creatures vanquished

Notes
Turn   | Place    | Note
-------+----------+-------------------------------------------
     0 | D        | Revguard the Vine Stalker Fighter began the quest for the
                  | Orb.
     0 | D        | Reached XP level 1. HP: 11/11 MP: 2/2
     0 | D        | Found a shimmering blue altar of Sif Muna.
     0 | D        | Found a sacrificial altar of Ru.
     0 | D        | Found a bloodstained altar of Trog.
     0 | D        | Found a stormy altar of Qazlal.
     0 | D        | Found an iron altar of Okawaru.
     0 | D        | Found a sparkling altar of Nemelex Xobeh.
     0 | D        | Found a blossoming altar of Fedhas.
     0 | D        | Found the +6 Majin-Bo {spellvamp, MP+6 Int+6}
     0 | D        | Found the +27 heavy crossbow "Sniper" {heavy, Acc+∞ SInv}
     0 | D        | Found the +10 dark maul {heavy}
     0 | D        | Found the +15 Maxwell's patent armour {-Cast -Tele rElec
                  | Will+ rCorr}
     0 | D        | Found the +18 shield of the Gong {Loud rN+ Will+ rCorr
                  | EV-5}
     0 | D        | Found the +16 obsidian axe {drain, demonic, Mesm ^Drain Fly
                  | SInv}
     0 | D        | Found the +7 great mace "Firestarter" {flame, immolate,
                  | rFlCloud rF++}
     0 | D        | Found the +6 shillelagh "Devastator" {shatter}
     0 | D        | Found the +11 plutonium sword {^Contam Stlth-}
     0 | D        | Found the +8 lance "Wyrmbane" {slay drac, rPois rF+ rC+
                  | AC+3}
     0 | D        | Found the +9 sword of Zonguldrok {reap}
     0 | D        | Found the +13 scythe of Curses {drain, curses, ^Drain}
     0 | D        | Found the +9 sword of Power {lifebolt}
     0 | D        | Found the +7 mace of Variability {chaos, chaos arc}
     0 | D        | Found the +11 Singing Sword {sonic wave}
     0 | D        | Found the +8 storm bow {elec, penet}
     2 | D        | Found a transporter.
     2 | D        | Found an ancient bone altar of Kikubaaqudgha.
     2 | D        | Found a viscous altar of Jiyva.
     2 | D        | Found a corrupted altar of Lugonu.
     2 | D        | Found a hazy altar of Hepliaklqana.
     2 | D        | Found a burning altar of Makhleb.
     2 | D        | Found an opulent altar of Gozag.
    49 | D        | Became a worshipper of Jiyva Jiniutao the Shapeless
    53 | D        | Reached skill level 1 in Dodging
    53 | D        | Reached XP level 2. HP: 16/16 MP: 3/3
    56 | D        | Entered arena 2.
    56 | D        | Found a transporter.
    65 | D        | Acquired a +0 cloak of preservation
    74 | D        | Entered arena 3.
    74 | D        | Noticed a weeping skull
    74 | D        | Noticed a phantom
    74 | D        | Noticed a phantom
    74 | D        | Found a transporter.
    80 | D        | Killed a phantom
    81 | D        | Reached XP level 3. HP: 21/21 MP: 4/4
    81 | D        | Reached XP level 4. HP: 26/26 MP: 5/5
    82 | D        | Killed a weeping skull
    82 | D        | Killed a phantom
    83 | D        | Reached skill level 5 in Fighting
    83 | D        | Reached skill level 5 in Armour
    83 | D        | Reached skill level 5 in Shields
    83 | D        | Reached XP level 5. HP: 30/30 MP: 6/6
    83 | D        | Reached XP level 6. HP: 35/35 MP: 7/7
    87 | D        | Got the ring "Fomp" {rN+ MP+9 Dex+4}
   150 | D        | Entered arena 4.
   150 | D        | Noticed a golden eye
   150 | D        | Noticed a golden eye
   150 | D        | Reached * piety under Jiyva
   150 | D        | Found a transporter.
   157 | D        | Entered arena 5.
   157 | D        | Found a transporter.
   160 | D        | Reached skill level 5 in Axes
   162 | D        | Reached skill level 5 in Evocations
   162 | D        | Reached XP level 7. HP: 40/40 MP: 8/8
   165 | D        | Got the amulet of Greater Demons {Spirit Rampage rN+}
   180 | D        | Entered arena 6.
   180 | D        | Noticed a draconian
   180 | D        | Noticed a draconian
   180 | D        | Noticed a draconian
   180 | D        | Noticed a red draconian
   180 | D        | Noticed a draconian
   180 | D        | Found a transporter.
   186 | D        | Killed a red draconian
   187 | D        | Gained mutation: You have razor-sharp teeth. [Vine Stalker
                  | growth]
   187 | D        | Reached XP level 8. HP: 23/46 MP: 9/9
   187 | D        | Killed a draconian
   188 | D        | Killed a draconian
   189 | D        | Reached XP level 9. HP: 31/51 MP: 10/10
   189 | D        | Killed a draconian
   189 | D        | Killed a draconian
   193 | D        | Got the ring of Dissent {rCorr MP+9 Str+2 Int-5 Dex+2}
   213 | D        | Entered arena 7.
   213 | D        | Found the +8 whip "Snakebite" {venom, curare, rPois}
   213 | D        | Noticed a shining eye
   213 | D        | Reached ** piety under Jiyva
   214 | D        | Found a transporter.
   222 | D        | Entered arena 8.
   222 | D        | Noticed a freezing wraith
   222 | D        | Noticed a rime drake
   222 | D        | Noticed a freezing wraith
   223 | D        | Found a transporter.
   230 | D        | Killed a freezing wraith
   232 | D        | Killed a rime drake
   232 | D        | Killed a freezing wraith
   233 | D        | Reached XP level 10. HP: 39/58 MP: 11/11
   238 | D        | Got the Anthology of Fever and Cohobation
   243 | D        | Entered arena 9.
   243 | D        | Noticed a black mamba
   243 | D        | Reached *** piety under Jiyva
   243 | D        | Gained mutation: You are covered in slimy tendrils that may
                  | disarm your opponents. [Jiyva's grace]
   243 | D        | Gained mutation: You have a pair of small horns on your
                  | head. [Jiyva's grace]
   243 | D        | Gained mutation: You have a pair of horns on your head.
                  | [Jiyva's grace]
   243 | D        | Gained mutation: You have a pair of large horns on your
                  | head. [Jiyva's grace]
   243 | D        | Noticed a shining eye
   244 | D        | Found a transporter.
   246 | D        | a naga changed into an entropy weaver
   246 | D        | Noticed an entropy weaver (shapeshifter)
   249 | D        | Killed a black mamba
   250 | D        | Killed an entropy weaver
   263 | D        | Entered arena 10.
   264 | D        | Found a transporter.
   270 | D        | Reached skill level 10 in Shields
   274 | D        | Reached skill level 10 in Fighting
   291 | D        | Entered arena 11.
   291 | D        | Found the +0 cloak of the Thief {Quiet Slay-3 SInv Stlth+}
   291 | D        | Noticed a tentacled starspawn
   291 | D        | Reached **** piety under Jiyva
   292 | D        | Found a transporter.
   297 | D        | Killed a tentacled starspawn
   298 | D        | Reached skill level 10 in Axes
   298 | D        | Reached XP level 11. HP: 59/64 MP: 12/12
   301 | D        | Reached skill level 10 in Armour
   308 | D        | Entered arena 12.
   308 | D        | Noticed a swamp dragon
   308 | D        | Noticed a seven-headed hydra
   309 | D        | Noticed an ice dragon
   309 | D        | Noticed an ice dragon
   310 | D        | Found a transporter.
   312 | D        | Reached skill level 10 in Evocations
   312 | D        | Killed an eight-headed hydra
   315 | D        | Killed a swamp dragon
   321 | D        | Killed an ice dragon
   325 | D        | Killed an ice dragon
   326 | D        | Reached skill level 10 in Dodging
   334 | D        | Got the ring "Yddutt" {rC+ Will+ MP+9 Int+3 Slay+2}
   455 | D        | Entered arena 13.
   455 | D        | Noticed a salamander tyrant
   455 | D        | Noticed a Brimstone Fiend
   455 | D        | Noticed a stoker
   455 | D        | Noticed a hell hog
   455 | D        | Noticed a hell hog
   455 | D        | Noticed a fire giant
   455 | D        | Noticed a fire giant
   456 | D        | Noticed a searing wretch
   456 | D        | Noticed a salamander tyrant
   457 | D        | Found a transporter.
   463 | D        | Killed a salamander tyrant
   466 | D        | HP: 2/65 [unnaturally hard rock wall collision (8)]
   466 | D        | Killed a salamander tyrant
   467 | D        | Killed a hell hog
   467 | D        | Engulfed by a cloud of flame

Illustrated notes

Levels and vault maps discovered:
D:        sprint_v [room_start, room_1, room_2, room_3, room_4, room_5, room_6,
          room_7, room_8, room_9, room_10, room_11, room_12, room_13, room_14,
          room_15, room_16, room_17, room_18, room_19, room_20, room_21,
          room_22, room_23, room_24, room_25, room_26, room_27]

Skill      XL: |  1  2  3  4  5  6  7  8  9 10 11 |
---------------+----------------------------------+-----
Fighting       | 3 4 5 6 7 8 9 10 11 | 11.5
Axes           | 2 3 4 5 7 8 10 11 | 11.3
Armour         | 3 4 5 6 7 8 9 10 | 10.8
Dodging        | 1 2 3 4 6 7 9 10 | 10.2
Shields        | 4 5 6 7 8 9 10 11 | 11.5
Evocations     | 2 3 4 5 6 7 8 9 10 | 10.8

Action                     |  1- 3 |  4- 6 |  7- 9 | 10-12 || total
---------------------------+-------+-------+-------+-------++-------
  Melee: Broad axe         |     5 |     5 |    17 |    47 ||    74
         Bite              |     2 |       |     4 |    17 ||    23
         Headbutt          |       |       |       |     9 ||     9
  Evoke: Wand              |       |       |       |     2 ||     2
    Use: Potion            |     1 |       |       |     1 ||     2
         Scroll            |     1 |       |       |       ||     1
   Stab: Distracted        |       |       |     1 |     4 ||     5
 Armour: Plate armour      |     8 |     2 |    37 |    93 ||   140
  Dodge: Dodged            |       |     1 |     6 |    21 ||    28
  Block: Kite shield       |    14 |     6 |    44 |   106 ||   170

Table legend: (Time is in decaauts)
 A = Elapsed time spent in this place.
 B = Non-inter-level travel time spent in this place.
 C = Inter-level travel time spent in this place.
 D = Time resting spent in this place.
 E = Time spent auto-exploring this place.
 F = Levels seen in this place.
 G = Mean time per level.
                   A        B        C        D        E       F      G
               +--------+--------+--------+--------+--------+-----+--------+
         Total |    484 |    484 |      0 |    169 |      0 |   1 |  484.0 |
       Dungeon |    484 |    484 |      0 |    169 |      0 |   1 |  484.0 |
               +--------+--------+--------+--------+--------+-----+--------+

Top non-repeatable levels by time:
       D: 484 daAuts
